 Dungeon Crawl Stone Soup version 0.30-b1-2-g02819fbbbe (webtiles) character file.

Game seed: 9345730484821334839

815 raph the Frost Mage (level 7, -6/48 HPs)
             Began as a Merfolk Ice Elementalist on Dec 12, 2023.
             Mangled by an ice beast (13 damage)
             ... on level 5 of the Dungeon.
             The game lasted 00:07:22 (4324 turns).

raph the Frost Mage (Merfolk Ice Elementalist)      Turns: 4324, Time: 00:07:23

Health: -6/48      AC:  6    Str:  8    XL:     7   Next: 94%
Magic:  9/13       EV: 12    Int: 17    God:
Gold:   226        SH:  3    Dex: 14    Spells: 0/14 levels left

rFire   . . .        d - +1 dagger
rCold   . . .        p - +0 buckler
rNeg    . . .        a - +1 robe
rPois   .            (no helmet)
rElec   .            i - +2 cloak {Stlth+}
rCorr   .            (no gloves)
SInv    .            (no boots)
Will    .....        (no amulet)
Stlth   +++          (no ring)
HPRegen 0.28/turn    (no ring)
MPRegen 0.13/turn

%: no passive effects
@: no status effects
A: (nimble swimmer 2), mertail
a: no special abilities


You were on level 5 of the Dungeon.
You visited 1 branch of the dungeon, and saw 5 of its levels.

You collected 226 gold pieces.

Inventory:

Hand Weapons
 d - a +1 dagger (weapon)
Missiles
 j - 20 poisoned darts
Armour
 a - a +1 robe (worn)
 i - a +2 cloak of stealth (worn)
 p - a +0 buckler (worn)
Wands
 r - a wand of roots (8)
Scrolls
 g - a scroll of immolation
 o - a scroll of teleportation
Potions
 b - a potion of magic
 c - 2 potions of ambrosia {unknown}
 e - 4 potions of curing
 f - a potion of brilliance {unknown}
 h - a potion of invisibility {unknown}
 k - a potion of lignification {unknown}
 l - a potion of degeneration {unknown}
 m - a potion of resistance
 n - 3 potions of might
 s - a potion of haste {unknown}
 w - a potion of cancellation {unknown}
 x - a potion of heal wounds {unknown}


   Skills:
 + Level 1.4 Fighting
 + Level 3.3 Dodging
 + Level 2.8 Stealth
 + Level 0.0 Shields
 + Level 4.1 Spellcasting
 * Level 2.0 Summonings
 * Level 8.5 Ice Magic


You couldn't memorise any spells.
You knew the following spells:

 Your Spells              Type           Power      Damage    Failure   Level
a - Freeze                Ice            100%       1d10      1%          1
b - Frozen Ramparts       Ice            64%        1d10      2%          3
c - Ozocubu's Armour      Ice            32%        N/A       2%          3
d - Summon Ice Beast      Ice/Summ       21%        N/A       28%         4
e - Summon Guardian Gole  Hex/Summ       6%         N/A       45%         3

Your spell library contained the following spells:

 Spells                   Type           Power      Damage    Failure   Level
 Orb of Destruction       Conj           1%         9d5       100%        7
 Spellforged Servitor     Conj/Summ      3%         N/A       100%        7


Dungeon Overview and Level Annotations

Branches:
Dungeon (5/15)
 Temple: D:4-7

Altars:
Elyvilon

Annotations:
D:3 exclusion: ice beast
D:4 Grinder


Innate Abilities, Weirdness & Mutations

((You are very nimble when in or above water. (Stealth+, EV+, Speed+++)))
Your lower body shifts to a powerful aquatic tail in water.


Message History

Found a stone staircase leading down.
Found an escape hatch in the floor.
An ice beast comes into view.
You see here 15 gold pieces.
An iguana comes into view.
The helpless ice beast fails to defend itself.
You hit the ice beast.
The ice beast is moderately wounded.
The ice beast misses you.
You hit the ice beast but do no damage.
The ice beast is moderately wounded.
The ice beast hits you. The ice beast freezes you!
You hit the ice beast but do no damage.
The ice beast is lightly wounded.
The ice beast hits you. The ice beast freezes you!
You hit the ice beast.
The ice beast is moderately wounded.
The ice beast misses you. The ice beast attacks as you move away!
The ice beast hits you but does no damage.
Casting: Freeze (safe; 1% risk of failure)
Confirm with . or Enter, or press ? or * to list all spells.
A chill wind blows around you. The ice beast misses you.
The ice beast attacks as you move away!
The ice beast hits you but does no damage.
Your ice beast completely misses the ice beast.
You see here 15 gold pieces.
The ice beast attacks as you move away! The ice beast hits you.
The ice beast freezes you!
* * * LOW HITPOINT WARNING * * *
Your ice beast hits the ice beast.
Your ice beast freezes the ice beast.
The ice beast completely resists.
You hit the ice beast but do no damage.
The ice beast is moderately wounded.
The ice beast hits you but does no damage.
Your ice beast hits the ice beast but does no damage.
The ice beast attacks as you move away! The ice beast hits you.
* * * LOW HITPOINT WARNING * * *
The ice beast freezes you!
You die...

#.# #
#.# .#
l.. ...
#.# ..
#.##.#
#....#
#.#
#####.#
#..@YY#
#.#####
#.# #.#
#.# #.#
#.#
#.##
#..#


You could see an ice beast (ally target) and a friendly ice beast (summoned).

Vanquished Creatures
  Sigmund (D:5)
  Eustachio (D:4)
  Duvessa (D:4)
  A black bear (D:4)
  A centaur (D:3)
  Dowan (D:4)
  A jelly (D:4)
  Terence (D:3)
  An iguana (D:4)
  5 adders
  A worm (D:2)
  3 dart slugs
  2 orcs
  5 ball pythons (D:1)
  7 bats
  6 endoplasms
  5 giant cockroaches
  6 goblins
  7 hobgoblins
  7 jackals
  3 quokkas
  6 frilled lizards
  6 kobolds
  6 rats
84 creatures vanquished.

Notes
Turn   | Place    | Note
-------+----------+-------------------------------------------
     0 | D:1      | raph the Merfolk Ice Elementalist began the quest for the
                  | Orb.
     0 | D:1      | Reached XP level 1. HP: 13/13 MP: 3/3
   160 | D:1      | Reached XP level 2. HP: 19/19 MP: 1/5
   243 | D:1      | Reached skill level 5 in Ice Magic
   583 | D:1      | Reached XP level 3. HP: 24/24 MP: 6/6
   743 | D:1      | Learned a level 3 spell: Frozen Ramparts
  1267 | D:2      | Reached XP level 4. HP: 30/30 MP: 3/7
  1861 | D:2      | Reached skill level 6 in Ice Magic
  1996 | D:3      | Noticed a centaur
  2002 | D:3      | Killed a centaur
  2003 | D:3      | Reached XP level 5. HP: 21/35 MP: 4/9
  2063 | D:3      | Learned a level 3 spell: Ozocubu's Armour
  2195 | D:3      | Found a white marble altar of Elyvilon.
  2272 | D:3      | Noticed Terence
  2284 | D:3      | Killed Terence
  2586 | D:3      | Noticed an ice beast
  2806 | D:3      | Reached skill level 7 in Ice Magic
  3023 | D:4      | Reached XP level 6. HP: 41/41 MP: 3/10
  3129 | D:4      | Noticed Duvessa
  3130 | D:4      | Noticed Dowan
  3140 | D:4      | Killed Dowan
  3146 | D:4      | Killed Duvessa
  3279 | D:4      | Noticed a black bear
  3290 | D:4      | Killed a black bear
  3291 | D:4      | Reached skill level 8 in Ice Magic
  3291 | D:4      | Reached XP level 7. HP: 46/46 MP: 2/12
  3336 | D:4      | Learned a level 4 spell: Summon Ice Beast
  3462 | D:4      | Noticed Eustachio
  3475 | D:4      | Killed Eustachio
  3476 | D:4      | Reached skill level 1 in Summonings
  3720 | D:4      | Noticed Grinder
  3760 | D:4      | Reached skill level 1 in Fighting
  4095 | D:5      | Entered Level 5 of the Dungeon
  4095 | D:5      | Noticed Sigmund
  4102 | D:5      | Killed Sigmund
  4122 | D:5      | Learned a level 3 spell: Summon Guardian Golem
  4324 | D:5      | Mangled by an ice beast

Illustrated notes

Levels and vault maps discovered:
D:1:      dpeg_arrival_concentric_ovals, layout_basic, palyth_stone_intersect,
          minmay_liquid_box, st_stairs_2
D:2:      layout_loops_ring, dreamdust_wishing_well
D:3:      wander_river, layout_basic, elyvilon_altar_3, grunt_ministairs_3,
          uniq_terence
D:4:      layout_cave_pools, nrook_loot_triangle, uniq_grinder, uniq_eustachio,
          uniq_duvessa
D:5:      layout_loops_ring, minmay_temple_entry_nine_rooms, serial_shops, shop,
          uniq_ijyb, uniq_menkaure, uniq_sigmund

Skill      XL: |  1  2  3  4  5  6  7 |
---------------+----------------------+-----
Ice Magic      | 5 6 7 8 |  8.5
Spellcasting   | 3 4 |  4.1
Dodging        | 3 |  3.3
Summonings     | 2 |  2.0
Fighting       | 1 |  1.4
Stealth        | |  2.8

Action                     |  1- 3 |  4- 6 |  7- 9 || total
---------------------------+-------+-------+-------++-------
  Melee: Dagger            |    27 |    46 |    25 ||    98
         Unarmed           |     1 |       |       ||     1
         Punch             |       |     1 |       ||     1
   Cast: Freeze            |    40 |     9 |     7 ||    56
         Frozen Ramparts   |     4 |    21 |     3 ||    28
         Ozocubu's Armour  |       |     4 |     2 ||     6
         Summon Ice Beast  |       |       |     1 ||     1
    Use: Scroll            |     3 |       |     7 ||    10
         Potion            |       |     1 |       ||     1
   Stab: Sleeping          |     5 |     7 |     6 ||    18
 Armour: Robe              |     9 |    22 |    11 ||    42
  Dodge: Dodged            |    31 |    43 |    15 ||    89
